 Dungeon Crawl Stone Soup version 0.26-a0-28-gc929df5585 (webtiles) character file.

Game seed: 1158934917068251428, levelgen mode: deterministic

2402 Fv001 the Sneak (level 9, -10/65 HPs)
             Began as a Formicid Earth Elementalist on May 28, 2020.
             Was a Follower of Dithmenos.
             Killed from afar by Harold (14 damage)
             ... with a harpoon shot
             ... on level 7 of the Dungeon.
             The game lasted 00:48:23 (10780 turns).

Fv001 the Sneak (Formicid Earth Elementalist)      Turns: 10780, Time: 00:48:24

Health: -10/65     AC:  4    Str: 13    XL:     9   Next: 75%
Magic:  1/16       EV: 13    Int: 24    God:    Dithmenos [*.....]
Gold:   345        SH:  0    Dex: 11    Spells: 11/17 levels left

rFire    . . .     SeeInvis +   b - +0 rapier
rCold    . . .     Gourm    .   (no shield)
rNeg     . . .     Faith    .   c - +0 robe
rPois    .         Spirit   .   (helmet unavailable)
rElec    .         Reflect  .   u - +0 cloak {MR+}
rCorr    .         Harm     .   t - +0 pair of gloves
MR       +....                  (no boots)
Stlth    +++++.....             (no amulet)
HPRegen  0.20/turn              f - +6 ring of intelligence
MPRegen  0.15/turn              o - ring of stealth

@: marked, wreathed by umbra
A: permanent stasis, dig shafts and tunnels, four strong arms, antennae 3
a: Dig, Shaft Self, Renounce Religion


You were on level 7 of the Dungeon.
You worshipped Dithmenos.
Dithmenos was aware of your devotion.
You were not hungry.

You visited 2 branches of the dungeon, and saw 8 of its levels.

You collected 345 gold pieces.

Inventory:

Hand Weapons
 a - a +0 dagger of protection
 b - a +0 rapier (weapon)
Missiles
 j - 40 stones (quivered)
Armour
 c - a +0 robe (worn)
 t - a +0 pair of gloves (worn)
 u - a +0 cloak of magic resistance (worn)
Jewellery
 f - a +6 ring of intelligence (left hand)
 o - a ring of stealth (right hand)
Wands
 i - a wand of disintegration (22)
 p - a wand of digging (6)
 y - a wand of polymorph (11)
Scrolls
 h - 5 scrolls of amnesia
 k - a scroll of enchant armour {unknown}
 l - 4 scrolls of remove curse
 q - a scroll of blinking {unknown}
 s - a scroll of noise {unknown}
 w - a scroll of magic mapping {unknown}
 x - a scroll of fog {unknown}
Potions
 e - 3 potions of lignification
 m - a potion of ambrosia {unknown}
 n - 3 potions of stabbing
 v - a potion of might {unknown}
 z - a potion of mutation {unknown}
 A - a potion of flight {unknown}
Comestibles
 d - 10 rations
 B - 7 chunks of flesh


   Skills:
 + Level 4.2 Fighting
 + Level 3.8 Short Blades
 + Level 4.2 Dodging
 * Level 7.2 Stealth
 + Level 4.7 Spellcasting
 + Level 3.2 Conjurations
 + Level 4.2 Transmutations
 + Level 6.0 Earth Magic
 + Level 3.3 Invocations


You had 11 spell levels left.
You knew the following spells:

 Your Spells              Type           Power        Failure   Level  Hunger
a - Sandblast             Erth           ####..       1%          1    None
b - Passwall              Tmut/Erth      ####....     1%          2    None
c - Stone Arrow           Conj/Erth      ####..       4%          3    ##.....

Your spell library contained the following spells:

 Spells                   Type           Power        Failure   Level  Hunger
 Beastly Appendage        Tmut           ####..       1%          1    None
 Magic Dart               Conj           ###.         2%          1    None
 Sticks to Snakes         Tmut           ####....     2%          2    None
 Petrify                  Tmut/Erth      ####....     11%         4    ####...
 Spider Form              Tmut/Pois      ###.......   12%         3    ##.....
 Call Imp                 Summ           #.......     14%         2    None
 Slow                     Hex            #.......     14%         2    None
 Conjure Flame            Conj/Fire      ##......     14%         3    ##.....
 Mephitic Cloud           Conj/Pois/Air  ##......     17%         3    ##.....
 Lee's Rapid Deconstruct  Erth           ####......   21%         5    #####..
 Ice Form                 Ice/Tmut       ###.....     36%         4    ####...
 Blade Hands              Tmut           ####......   41%         5    #####..
 Blink                    Tloc           Unusable     N/A         2    N/A

Dungeon Overview and Level Annotations

Branches:
Dungeon (7/15)             Temple (1/1) D:4

Altars:
Ashenzari
Cheibriados
Dithmenos
Gozag
Hepliaklqana
Kikubaaqudgha
Okawaru
Ru
Sif Muna
Uskayaw
Vehumet
Wu Jian
Xom
Yredelemnul
Zin
The Shining One

Annotations:
D:4 exclusion: 2 sensed monsters (detected), Dowan, Duvessa
D:7 exclusion: 14 sensed monsters (detected), Harold


Innate Abilities, Weirdness & Mutations

You cannot be hasted, slowed, berserked, paralysed or teleported.
You can dig through walls and to a lower floor.
Your four strong arms can wield two-handed weapons with a shield.
You have a pair of large antennae on your head. (SInv)


Message History

Press: ? - help, Shift-Dir - straight line, f/p - Harold
Aim: Harold, wielding a +0 short sword, wearing a +0 chain mail and quivering 2 throwing nets (almost dead, umbra)
The blast of sand hits Harold but does no damage.
Harold is almost dead.
j - 40 stones Harold points at you and mumbles some strange words.
The mark upon you grows brighter.
You hit Harold.
Harold is almost dead.
Harold hits you with a +0 short sword!
* * * LOW HITPOINT WARNING * * *
Harold throws a throwing net.
The throwing net misses you.
Harold yells, "I don't have all day!"
Harold points at you and mumbles some strange words.
You barely resist. Harold fires a harpoon shot at you.
The harpoon shot misses you. Harold fires a harpoon shot at you.
The harpoon shot hits you!
You die...

....####...............##........
...>...#.....@......?..##........
.......#...<...........##........
..)....#.....@...................
...()..###....##...###.#.........
....[(.........#...........##....
...).......................#...##
..##..................[....#.....
####.........(..@................
................................#
........[..##....##.............#
...........#####.................
..............#..................
..''..........#...^.#####........
..'#..>..........................
..................##.#...#.....#.
...........##........#...#.....#.


You could see Harold.

Vanquished Creatures
  Grinder (D:5)
  Menkaure (D:4)
  A water moccasin (D:7)
  An orc warrior (D:7)
  An ice beast (D:7)
  A phantom (D:5)
  An ogre (D:6)
  Blork the orc (D:4)
  A bullfrog (D:7)
  A scorpion (D:5)
  5 wights (D:6)
  2 centaur zombies
  2 crimson imps
  A bullfrog zombie (D:5)
  A jelly (D:5)
  2 orc priests
  A centaur skeleton (D:7)
  9 hounds
  8 orc wizards
  A bullfrog skeleton (D:6)
  An iguana (D:7)
  A worker ant (D:3)
  Ijyb (D:3)
  2 killer bee zombies
  2 hound skeletons
  14 adders
  A shadow imp (D:7)
  2 oozes
  An adder skeleton (D:6)
  2 worms
  A dart slug (D:1)
  3 leopard geckos
  19 orcs
  A ball python (D:3)
  7 bats
  6 giant cockroaches
  15 goblins
  11 hobgoblins
  8 jackals
  A quokka (D:2)
  6 frilled lizards
  A jackal zombie (D:3)
  9 kobolds
  A quokka skeleton (D:6)
  5 rats
163 creatures vanquished.

Notes
Turn   | Place    | Note
-------+----------+-------------------------------------------
     0 | D:1      | Fv001 the Formicid Earth Elementalist began the quest for
                  | the Orb.
     0 | D:1      | Reached XP level 1. HP: 13/13 MP: 3/3
   245 | D:1      | Reached XP level 2. HP: 20/20 MP: 0/5
   249 | D:1      | Learned a level 2 spell: Passwall
   546 | D:1      | Reached skill level 1 in Fighting
   546 | D:1      | Reached XP level 3. HP: 26/26 MP: 1/6
   859 | D:1      | Reached skill level 3 in Stealth
  1737 | D:2      | Learned a level 3 spell: Stone Arrow
  1779 | D:2      | Reached XP level 4. HP: 23/32 MP: 5/7
  2579 | D:2      | Reached XP level 5. HP: 31/37 MP: 6/9
  2590 | D:2      | Reached skill level 1 in Short Blades
  2982 | D:3      | Noticed Ijyb
  3103 | D:3      | Killed Ijyb
  3103 | D:3      | Reached skill level 1 in Conjurations
  3262 | D:3      | Reached XP level 6. HP: 35/44 MP: 8/10
  4927 | D:4      | Found an ornate altar of the Wu Jian Council.
  5086 | D:4      | Noticed Menkaure
  5089 | D:4      | Killed Menkaure
  5089 | D:4      | Reached skill level 4 in Stealth
  5089 | D:4      | Reached XP level 7. HP: 51/51 MP: 6/12
  5161 | D:4      | Noticed Blork the orc
  5174 | D:4      | Killed Blork the orc
  5303 | D:4      | Found a staircase to the Ecumenical Temple.
  5440 | D:4      | Found a hazy altar of Hepliaklqana.
  5519 | Temple   | Entered the Ecumenical Temple
  5590 | Temple   | Became a worshipper of Dithmenos the Shadowed
  6156 | D:4      | Found a snail-covered altar of Cheibriados.
  6156 | D:4      | Found a glowing silver altar of Zin.
  6157 | D:4      | Found a glowing golden altar of the Shining One.
  6181 | D:4      | Noticed Duvessa
  6181 | D:4      | Noticed Dowan
  6201 | D:5      | Entered Level 5 of the Dungeon
  6357 | D:5      | Found a shimmering blue altar of Sif Muna.
  6377 | D:5      | Found a stormy altar of Qazlal.
  6449 | D:5      | Found a glowing silver altar of Zin.
  6449 | D:5      | Found a glowing golden altar of the Shining One.
  6451 | D:5      | Found a radiant altar of Vehumet.
  6451 | D:5      | Found a shimmering altar of Xom.
  6451 | D:5      | Found an opulent altar of Gozag.
  7051 | D:5      | Reached skill level 5 in Earth Magic
  7051 | D:5      | Reached skill level 1 in Invocations
  7051 | D:5      | Reached XP level 8. HP: 32/57 MP: 1/13
  7665 | D:5      | Noticed Grinder
  7677 | D:5      | Killed Grinder
  7677 | D:5      | Reached skill level 5 in Stealth
  8180 | D:6      | Found a hide-covered altar of Uskayaw.
  8771 | D:6      | Reached skill level 6 in Stealth
  8771 | D:6      | Reached XP level 9. HP: 51/64 MP: 12/15
  9096 | D:6      | Reached * piety under Dithmenos
  9675 | D:7      | Noticed Harold
 10137 | D:7      | Reached skill level 7 in Stealth
 10774 | D:7      | HP: 3/65 [Harold/+0 short sword (15)]
 10780 | D:7      | Killed from afar by Harold

Illustrated notes

Levels and vault maps discovered:
D:1:      mrwooster_arrival_statue_3, layout_basic
D:2:      kennysheep_the_goblin_king, layout_rooms, kennysheep_generic_room_14
D:3:      layout_loops_corners, minmay_pentangle, uniq_ijyb
D:4:      layout_basic, gammafunk_temple_overflow_claw, lemuel_crystal_altar,
          old_standard_altar, minmay_temple_entry_overgrown, uniq_menkaure,
          uniq_blork_the_orc, uniq_duvessa
D:5:      layout_loops_ring, overflow_temple_1_default, first_ration,
          doesnt_xom_only_xom, uniq_grinder
D:6:      layout_basic, eat_drink_and_be_merry_uskayaw
D:7:      minmay_slanted_spiral_squares, layout_basic, uniq_harold
Temple:   chequers_temple_sunken

Skill      XL: |  1  2  3  4  5  6  7  8  9 |
---------------+----------------------------+-----
Dodging        | 2 3 4 |  4.2
Fighting       | 1 2 3 4 |  4.2
Stealth        | 3 4 6 7 |  7.2
Earth Magic    | 4 5 6 |  6.0
Short Blades   | 1 2 3 |  3.8
Conjurations   | 1 2 3 |  3.2
Spellcasting   | 3 4 |  4.7
Transmutations | 2 3 4 |  4.2
Invocations    | 1 2 3 |  3.3

Action                   |  1- 3 |  4- 6 |  7- 9 || total
-------------------------+-------+-------+-------++-------
Melee: Dagger            |    30 |    28 |    48 ||   106
       Short sword       |    12 |    68 |    22 ||   102
       Unarmed           |     2 |       |       ||     2
       Rapier            |       |       |   113 ||   113
 Cast: Sandblast         |    23 |    46 |    26 ||    95
       Passwall          |     8 |    19 |    28 ||    55
       Stone Arrow       |       |    10 |    45 ||    55
Evoke: Wand              |       |       |     2 ||     2
  Use: Scroll            |       |     6 |     5 ||    11
       Potion            |       |     1 |     6 ||     7
 Stab: Sleeping          |     7 |    18 |    25 ||    50
       Distracted        |       |       |     1 ||     1
  Eat: Chunk             |     4 |    11 |    14 ||    29
       Ration            |       |       |     2 ||     2
Armor: Robe              |     9 |    20 |    30 ||    59
Dodge: Dodged            |    17 |    78 |   169 ||   264

Table legend:
 A = Non-vault XP
 B = Vault XP
 C = Vault XP percentage of total XP
 D = Non-vault monster count
 E = Vault monster count
 F = Vault count percentage of total count
                 A         B        C        D         E       F
            +---------+---------+-------+---------+---------+-------
      Total |    2781 |     651 |  19.0 |     146 |      17 |  10.4
            +---------+---------+-------+---------+---------+-------
        D:1 |      51 |       0 |   0.0 |      25 |       0 |   0.0
        D:2 |      97 |      13 |  11.8 |      18 |       7 |  28.0
        D:3 |     177 |      70 |  28.3 |      32 |       7 |  17.9
        D:4 |      98 |     264 |  72.9 |       3 |       2 |  40.0
        D:5 |     381 |     304 |  44.4 |      10 |       1 |   9.1
        D:6 |     914 |       0 |   0.0 |      29 |       0 |   0.0
        D:7 |    1063 |       0 |   0.0 |      29 |       0 |   0.0
            +---------+---------+-------+---------+---------+-------
